 Dungeon Crawl Stone Soup version 0.30-a0-279-g4b46babb21 (webtiles) character file.

Game seed: 14440002880055625500

90889 koil the Unseen (level 15, -2/77 HPs)
             Began as a Spriggan Enchanter on Oct 17, 2022.
             Was a Priest of Dithmenos.
             Slain by a meliai
             ... wielding a +1 antimagic morningstar
              (16 damage)
             ... on level 5 of the Lair of Beasts.
             The game lasted 02:11:33 (23212 turns).

koil the Unseen (Spriggan Enchanter)               Turns: 23212, Time: 02:11:33

Health: -2/77      AC: 12    Str: 10    XL:     15   Next: 53%
Magic:  23/32      EV: 36    Int: 21    God:    Dithmenos [***...]
Gold:   1136       SH:  0    Dex: 26    Spells: 17/38 levels left

rFire   . . .      SeeInvis +    a - +5 whip "Quhurghawk" {spect, rC+ rN+ Str+2 Int+3}
rCold   + + .      Faith    .    (no shield)
rNeg    + . .      Spirit   .    l - +3 steam dragon scales
rPois   .          Reflect  .    H - +1 hat {Stlth+}
rElec   .          Harm     .    r - +2 cloak {Will+}
rCorr   .          Rampage  .    (gloves unavailable)
Will    +++..                    (boots unavailable) Stlth *+++++++++
                                 T - amulet of magic regeneration
HPRegen 0.32/turn                R - +6 ring of dexterity
MPRegen 0.63/turn                Q - +4 ring of evasion

@: wreathed by umbra, very quick
A: very small, no large weapons, unfitting armour, see invisible, speed 3, cold
resistance 1, strong 1, subdued magic 2
a: Renounce Religion, Shadow Step


You were on level 5 of the Lair of Beasts.
You worshipped Dithmenos.
Dithmenos was most pleased with you.
You visited 3 branches of the dungeon, and saw 18 of its levels.
You also visited: Ossuary and Volcano.

You collected 1885 gold pieces.
You spent 749 gold pieces at shops.

Inventory:

Hand Weapons
 a - the +5 whip "Quhurghawk" (weapon) {spect, rC+ rN+ Str+2 Int+3}
   (You found it on level 2 of the Dungeon)

   When its wielder attacks, the weapon's spirit leaps out and strikes again.
   The spirit shares a part of any damage it takes with its wielder.
   Str:       It affects your strength (+2).
   Int:       It affects your intelligence (+3).
   rC:        It protects you from cold.
   rN:        It protects you from negative energy.
 b - a +3 rapier of flaming
 j - a +1 dagger of venom
 w - a +1 dagger of venom
 K - a +2 rapier of electrocution
 U - a +2 short sword of draining
Missiles
 x - 28 poisoned darts (quivered)
 A - a curare-tipped dart
 Y - 8 atropa-tipped darts
Armour
 l - +3 steam dragon scales (worn)
 r - a +2 cloak of willpower (worn)
 E - a +0 troll leather armour
 H - a +1 hat of stealth (worn)
 L - a +0 buckler
 S - a +0 cloak of fire resistance
Magical Staves
 k - a staff of conjuration
 n - a staff of cold
Jewellery
 d - a ring of fire
 g - a ring of willpower
 y - the ring "Inenex" {Wiz rF+}
   (You found it on level 10 of the Dungeon)

   [ring of wizardry]

   It improves your spell success rate.
   rF:        It protects you from fire.
 C - an amulet of regeneration
 G - a +4 ring of protection
 N - an amulet of reflection
 P - a ring of protection from cold
 Q - a +4 ring of evasion (right hand)
 R - a +6 ring of dexterity (left hand)
 T - an amulet of magic regeneration (around neck)
Wands
 q - a wand of mindburst (17)
 O - a wand of iceblast (9)
 V - a wand of quicksilver (2)
 Z - a wand of paralysis (21)
Scrolls
 h - 9 scrolls of teleportation
 o - 5 scrolls of identify
 u - a scroll of blinking
 v - a scroll of summoning
 D - 2 scrolls of fear
 J - 4 scrolls of fog
 W - a scroll of magic mapping
Potions
 c - 7 potions of invisibility
 f - 5 potions of lignification
 i - 4 potions of brilliance
 m - 3 potions of magic
 p - a potion of haste
 s - 10 potions of ambrosia
 t - 3 potions of curing
 z - 6 potions of resistance
 B - 3 potions of flight
 I - 2 potions of cancellation
Miscellaneous
 e - a tin of tremorstones (2/2)
 F - a box of beasts


   Skills:
 + Level 8.3 Fighting
 - Level 1.8 Short Blades
 + Level 6.8 Maces & Flails
 + Level 13.2 Dodging
 + Level 15.4 Stealth
 + Level 12.1 Spellcasting
 + Level 4.4 Conjurations
 - Level 11.8 Hexes
 - Level 5.0 Translocations
 - Level 2.6 Fire Magic
 + Level 3.9 Ice Magic
 + Level 4.2 Air Magic
 - Level 6.3 Evocations


You had 17 spell levels left.
You knew the following spells:

 Your Spells              Type           Power      Damage    Failure   Level
a - Ensorcelled Hibernat  Hex/Ice        56%        N/A       1%          2
b - Confusing Touch       Hex            38%        N/A       1%          3
c - Blink                 Tloc           42%        N/A       1%          2
d - Kindle Blastsparks    Fire/Tloc/Air  36%        2d13      1%          3
e - Passwall              Tmut/Erth      5%         N/A       4%          2
f - Iskenderun's Mystic   Conj/Tloc      20%        2d6       4%          4
g - Metabolic Englaciati  Hex/Ice        14%        N/A       3%          5

Your spell library contained the following spells:

 Spells                   Type           Power      Damage    Failure   Level
 Magic Dart               Conj           76%        1d6       1%          1
 Momentum Strike          Conj/Tloc      40%        3d9       1%          2
 Dazzling Flash           Conj/Hex       58%        N/A       1%          3
 Gell's Gravitas          Tloc           21%        N/A       1%          3
 Inner Flame              Hex/Fire       26%        N/A       1%          3
 Lesser Beckoning         Tloc           42%        N/A       1%          3
 Ozocubu's Armour         Ice            18%        N/A       1%          3
 Portal Projectile        Hex/Tloc       58%        N/A       1%          3
 Swiftness                Air            19%        N/A       1%          3
 Teleport Other           Tloc           21%        N/A       1%          3
 Tukima's Dance           Hex            38%        N/A       1%          3
 Fulminant Prism          Conj/Hex       14%        3d9       1%          4
 Mephitic Cloud           Conj/Pois/Air  15%        N/A       2%          3
 Anguish                  Hex/Necr       11%        N/A       2%          4
 Leda's Liquefaction      Hex/Erth       11%        N/A       2%          4
 Silence                  Hex/Air        14%        N/A       3%          5
 Call Imp                 Summ           7%         N/A       4%          2
 Passage of Golubria      Tloc           21%        N/A       4%          4
 Flame Wave               Conj/Fire      17%        2d7       8%          4
 Sticky Flame             Conj/Fire      17%        2d4       8%          4
 Yara's Violent Unravell  Hex/Tmut       11%        3d6       9%          5
 Call Canine Familiar     Summ           7%         N/A       11%         3
 Enfeeble                 Hex            19%        N/A       26%         7
 Animate Armour           Summ/Erth      14%        N/A       36%         4
 Dispersal                Tloc           10%        N/A       63%         6
 Agony                    Necr           7%         N/A       75%         5
 Blade Hands              Tmut           3%         N/A       75%         5
 Lee's Rapid Deconstruct  Erth           3%         3d6*      75%         5
 Iron Shot                Conj/Erth      6%         9d2       95%         6
 Simulacrum               Ice/Necr       6%         N/A       96%         6


Dungeon Overview and Level Annotations

Branches:
Dungeon (12/15)            Temple (1/1) D:5            Lair (5/5) D:10
 Shoals (0/4) Lair:2       Spider (0/4) Lair:3        Slime (0/5) Lair:5
    Orc (0/2) D:12        Ossuary (visited)         Volcano (visited)

Altars:
Ashenzari
Cheibriados
Dithmenos
Elyvilon
Fedhas
Gozag
Hepliaklqana
Kikubaaqudgha
Makhleb
Nemelex Xobeh
Okawaru
Qazlal
Ru
Sif Muna
Trog
Uskayaw
Vehumet
Wu Jian
Xom
Yredelemnul
Zin
The Shining One
Jiyva

Shops:
D:5 **   D:6 ****   D:8 [*[   D:9 :   D:11 [

Annotations:
D:10 2 runed translucent doors
Lair:5 1 transporter, Zonian's ghost, journeyman DjIE


Innate Abilities, Weirdness & Mutations

You are very small and have problems with some larger weapons.
You are too small for most types of armour.
You have supernaturally acute eyesight. (SInv)
You cover ground extremely quickly. (Speed+++)
Your flesh is cold resistant. (rC+)
Your muscles are strong. (Str +4, Int/Dex -1)
Your spells are easier to cast, but less powerful.


Message History

Zonian's ghost completely misses you. The hornet completely misses you.
You hit the hornet but do no damage.
The hornet is almost dead.
Your +5 whip "Quhurghawk" {spect, rC+ rN+ Str+2 Int+3} hits the hornet!
You kill the hornet!
Dithmenos accepts your kill.
You feel yourself speed up.
You feel sick.
Your +5 whip "Quhurghawk" {spect, rC+ rN+ Str+2 Int+3} fades away.
The killer bee misses you. The killer bee completely misses you.
Zonian's ghost closely misses you.
You feel sick. The killer bee completely misses you.
You barely miss the killer bee.
You feel sick.
The killer bee completely misses you. x3
You closely miss the killer bee.
You feel sick.
The killer bee completely misses you. x2
You closely miss the killer bee.
The killer bee completely misses you. x2
You hit the killer bee.
The killer bee is lightly wounded.
You feel sick.
The killer bee completely misses you. x2
You hear an angry buzzing noise.
You hit Zonian's ghost.
Zonian's ghost is lightly damaged.
You feel sick.
You are no longer poisoned.
The meliai hits you with a +1 antimagic morningstar!
You feel your power leaking away. The meliai stings you!
* * * LOW HITPOINT WARNING * * *
Blink to where?
Press: ? - help, Dir - move target, p - meliai
As you read the scroll of blinking, it crumbles to dust.
You hear an angry buzzing noise.
The meliai attacks as you move away! The meliai completely misses you. x3
The meliai stings you!
* * * LOW HITPOINT WARNING * * *
Unknown command.
You feel better. The meliai completely misses you. x4
The meliai hits you with a +1 antimagic morningstar!
You die...

#............## #..#......♣♣.
#.............## #####.#......
#............#.# ##......♣
#P...........### #......♣
#.............####### #......♣
#.............##....## ####..♣♣
###..†.......©........####....♣
##.#....#############..##.#....♣
#......#####..©.@#####...#....♣♣
.#....###.#.#.†.#y#.###.....#.♣ ♣
#..#..##..#.†###..#..##.....^♣♣♣♣
......###...#...#...###.....♣♣♣♣.
.......#####..#..#####......♣♣♣..
....[.###.#.#...#W†.###....♣♣♣...
......##..#..###..#..##..).♣ ♣...
......###...#[.y#y#.###....♣♣♣(..
.......#####!.©)}#####......♣♣♣..


You could see a meliai (berserk).

Vanquished Creatures
  Gastronok (Lair:2)
  A fire dragon (Volcano)
  The ghost of Zun Lasmi the Thaumaturge, a journeyman VSTm of Dithmenos (Lair:4)
  Josephine (Lair:3)
  4 hydras
  Erica (D:9)
  A catoblepas (Lair:2)
  A boulder beetle (D:12)
  A two-headed ogre (D:7)
  A tengu warrior (D:10)
  2 lindwurms
  An orc knight (D:10)
  A deep elf pyromancer (D:12)
  A cyclops (D:10)
  4 black mambas
  9 cane toads
  A gargoyle (D:12)
  An unseen horror (D:11)
  A demonic crawler (Lair:3)
  9 komodo dragons
  2 rime drakes (Lair:5)
  6 kobold demonologists
  A meliai (shapeshifter) (D:10)
  A queen bee (D:9)
  5 trolls
  5 polar bears (Lair:5)
  8 hornets (Lair:5)
  19 blink frogs
  2 slime creatures (Lair:5)
  2 dream sheep (Lair:5)
  3 shadows
  3 wyverns
  3 wraiths (Lair:3)
  14 spriggans (Lair:5)
  8 fire bats (Volcano)
  A vampire (D:9)
  11 yaks
  4 steam dragons
  A vampire mosquito (D:10)
  6 basilisks
  3 wargs (D:10)
  2 acid dragons
  7 water moccasins
  2 hell hounds (Volcano)
  An ice beast (D:5)
  A sky beast (D:8)
  5 orc warriors
  3 black bears
  4 boggarts (Lair:5)
  4 ogres
  16 wolves (Lair:5)
  5 centaurs
  2 phantoms (D:5)
  2 necrophages
  8 bullfrogs
  3 kobold brigands
  5 gnoll sergeants
  5 scorpions
  4 wights (D:9)
  39 killer bees
  4 electric eels (D:7)
  11 howler monkeys
  8 orc priests
  3 jellies
  3 hounds
  Crazy Yiuf (D:2)
  5 iguanas
  9 orc wizards
  3 hell rats (Lair:5)
  9 mummies
  14 gnolls
  9 river rats (Lair:5)
  6 adders
  A shadow imp (D:5)
  2 white imps (D:6)
  5 worms
  3 dart slugs
  25 orcs
  10 ball pythons
  5 bats
  4 endoplasms
  2 giant cockroaches
  2 hobgoblins
  3 jackals (D:1)
  2 quokkas
  4 frilled lizards
  A gnoll zombie (Ossuary)
  8 goblins
  A goblin zombie (D:4)
  4 hobgoblin zombies (Ossuary)
  10 kobolds
  2 kobold zombies
  2 orc zombies (Ossuary)
  12 rats
462 creatures vanquished.

Vanquished Creatures (others)
  A white imp (D:7)
  12 fungi
  16 plants
29 creatures vanquished.

Grand Total: 491 creatures vanquished

Notes
Turn   | Place    | Note
-------+----------+-------------------------------------------
     0 | D:1      | koil the Spriggan Enchanter began the quest for the Orb.
     0 | D:1      | Reached XP level 1. HP: 9/9 MP: 5/5
   125 | D:1      | Reached XP level 2. HP: 13/13 MP: 6/6
   128 | D:1      | Learned a level 2 spell: Ensorcelled Hibernation
   313 | D:1      | Reached XP level 3. HP: 14/17 MP: 8/8
   895 | D:2      | Identified the +5 whip "Quhurghawk" {spect, rC+ rN+ Str+2
                  | Int+3}
  1355 | D:2      | Found a runed translucent door.
  1356 | D:2      | Noticed Crazy Yiuf
  1364 | D:2      | Killed Crazy Yiuf
  1365 | D:2      | Reached skill level 1 in Fighting
  1365 | D:2      | Reached skill level 5 in Stealth
  1365 | D:2      | Reached XP level 4. HP: 22/22 MP: 9/9
  1648 | D:3      | Reached skill level 1 in Maces & Flails
  1711 | D:3      | Found a faded altar of an unknown god.
  1995 | D:3      | Reached XP level 5. HP: 24/25 MP: 11/11
  2443 | D:4      | Found a sand-covered staircase.
  2465 | Ossuary  | Entered an ossuary
  2502 | Ossuary  | Reached XP level 6. HP: 29/30 MP: 12/12
  2931 | D:4      | Reached skill level 5 in Hexes
  3188 | D:5      | Entered Level 5 of the Dungeon
  3190 | D:5      | Reached skill level 6 in Stealth
  3190 | D:5      | Reached XP level 7. HP: 35/35 MP: 14/14
  3289 | D:5      | Found a staircase to the Ecumenical Temple.
  3309 | D:5      | Reached skill level 5 in Dodging
  3451 | D:5      | Found Baits's General Store.
  3455 | D:5      | Found Wakluh's Specific Store.
  3691 | D:6      | Found Cuef's Assorted Antiques.
  3731 | D:6      | Bought a brass ring for 140 gold pieces
  3731 | D:6      | Bought a scroll labelled EDIPNU WIDU for 28 gold pieces
  3731 | D:6      | Bought a blackened glass ring for 140 gold pieces
  3762 | D:6      | Learned a level 3 spell: Confusing Touch
  3816 | D:6      | Found Beegot's General Store.
  3824 | D:6      | Bought a scroll of identify for 30 gold pieces
  3841 | D:6      | Found Jutt's Assorted Antiques.
  3845 | D:6      | Reached skill level 5 in Spellcasting
  3845 | D:6      | Reached XP level 8. HP: 28/39 MP: 16/16
  3936 | D:6      | Reached skill level 7 in Stealth
  3968 | D:6      | Found a glowing golden altar of the Shining One.
  4053 | D:6      | Found Rikohem's Assorted Antiques.
  4105 | D:6      | Found a sacrificial altar of Ru.
  4975 | D:7      | Noticed a two-headed ogre
  4996 | D:7      | Killed a two-headed ogre
  4997 | D:7      | Reached skill level 8 in Stealth
  4997 | D:7      | Reached XP level 9. HP: 25/44 MP: 12/19
  5610 | D:8      | Found Web Kapy's Antique Armour Boutique.
  5835 | D:8      | Found Equogeh's General Store.
  5855 | D:8      | Reached skill level 5 in Maces & Flails
  5894 | D:8      | Reached skill level 9 in Stealth
  5896 | D:8      | Bought a potion of brilliance for 44 gold pieces
  5896 | D:8      | Bought 2 potions of heal wounds for 110 gold pieces
  5896 | D:8      | Bought a potion of curing for 33 gold pieces
  6480 | D:8      | Found Kaulocsok's Armour Emporium.
  7605 | D:9      | Noticed a queen bee
  7625 | D:9      | Reached XP level 10. HP: 40/51 MP: 10/21
  7646 | D:9      | Reached skill level 10 in Stealth
  7770 | D:9      | Gained mutation: You have an increased reservoir of magic.
                  | (+10% MP) [potion of mutation]
  7770 | D:9      | Gained mutation: You occasionally lose the ability to drink
                  | potions when taking damage. [potion of mutation]
  7770 | D:9      | Gained mutation: You expend magic power (3 MP) to
                  | strengthen your wands. [potion of mutation]
  7771 | D:9      | Lost mutation: You expend magic power (3 MP) to strengthen
                  | your wands. [potion of mutation]
  7771 | D:9      | Lost mutation: You have an increased reservoir of magic.
                  | (+10% MP) [potion of mutation]
  7771 | D:9      | Gained mutation: You are dopey. (Int -2) [potion of
                  | mutation]
  7790 | D:9      | Found Attauf's Self-Improvement Boutique.
  7820 | D:9      | Noticed Erica
  7837 | D:9      | Killed Erica
  7838 | D:9      | Reached skill level 5 in Fighting
  8171 | D:9      | Lost mutation: You occasionally lose the ability to drink
                  | potions when taking damage. [potion of mutation]
  8171 | D:9      | Lost mutation: You are dopey. (Int -2) [potion of mutation]
  8171 | D:9      | Gained mutation: You are clumsy. (Dex -2) [potion of
                  | mutation]
  8171 | D:9      | Gained mutation: You occasionally lose the ability to drink
                  | potions when taking damage. [potion of mutation]
  8171 | D:9      | Gained mutation: Your spells are a little easier to cast,
                  | but a little less powerful. [potion of mutation]
  8171 | D:9      | Gained mutation: You have large cloven feet. [potion of
                  | mutation]
  8453 | D:9      | Found a stormy altar of Qazlal.
  8458 | D:9      | Found an iron altar of Okawaru.
  8470 | D:9      | Found a white marble altar of Elyvilon.
  8550 | D:9      | Reached skill level 11 in Stealth
  8614 | D:9      | Identified a scroll of acquirement
  8812 | Temple   | Entered the Ecumenical Temple
  9030 | Temple   | Became a worshipper of Dithmenos the Shadowed
  9229 | D:10     | Entered Level 10 of the Dungeon
  9280 | D:10     | Found a staircase to the Lair.
  9463 | D:10     | Reached XP level 11. HP: 19/56 MP: 10/24
  9644 | D:10     | Found a large runed translucent door.
  9644 | D:10     | Found a large runed translucent door.
  9661 | D:10     | Noticed an orc knight
  9725 | D:10     | Killed an orc knight
  9900 | D:10     | Noticed a tengu warrior
 10155 | D:10     | Found a shimmering altar of Xom.
 10214 | D:10     | Found a large runed translucent door.
 10215 | D:10     | Found a large runed translucent door.
 10261 | D:10     | Reached skill level 10 in Dodging
 10261 | D:10     | Reached skill level 12 in Stealth
 10262 | D:10     | Identified the ring "Inenex" {Wiz rF+}
 10303 | D:10     | Killed a tengu warrior
 10311 | D:10     | HP: 1/56 [troll (10)]
 10512 | D:10     | Reached * piety under Dithmenos
 10947 | D:11     | Noticed a soul eater
 10989 | D:11     | Reached skill level 10 in Hexes
 11366 | D:11     | Found Paxe's Antique Armour Shoppe.
 11786 | D:11     | Noticed an eight-headed hydra
 11839 | D:11     | Killed an eight-headed hydra
 12492 | Temple   | Acquired 559 gold pieces
 12526 | D:6      | Bought a potion of mutation for 224 gold pieces
 12526 | D:6      | Lost mutation: You have large cloven feet. [potion of
                  | mutation]
 12526 | D:6      | Lost mutation: You occasionally lose the ability to drink
                  | potions when taking damage. [potion of mutation]
 12526 | D:6      | Lost mutation: You are clumsy. (Dex -2) [potion of
                  | mutation]
 12526 | D:6      | Gained mutation: Your spells are easier to cast, but less
                  | powerful. [potion of mutation]
 12526 | D:6      | Gained mutation: Your flesh is cold resistant. (rC+)
                  | [potion of mutation]
 12526 | D:6      | Gained mutation: Your muscles are strong. (Str +4, Int/Dex
                  | -1) [potion of mutation]
 12760 | D:12     | Found a staircase to the Orcish Mines.
 12786 | D:12     | Reached skill level 10 in Spellcasting
 12794 | D:12     | Reached skill level 13 in Stealth
 12831 | D:12     | Reached ** piety under Dithmenos
 13191 | D:12     | Noticed a deep elf pyromancer
 13197 | D:12     | Killed a deep elf pyromancer
 13422 | D:12     | Reached XP level 12. HP: 62/62 MP: 27/27
 13613 | D:12     | Noticed a boulder beetle
 13649 | D:12     | Killed a boulder beetle
 14131 | Temple   | Learned a level 2 spell: Blink
 14135 | Temple   | Learned a level 3 spell: Kindle Blastsparks
 14138 | Temple   | Learned a level 2 spell: Passwall
 14282 | Lair:1   | Entered Level 1 of the Lair of Beasts
 15272 | Lair:2   | Found a staircase to the Shoals.
 15321 | Lair:2   | Noticed an eight-headed hydra
 15328 | Lair:2   | Killed an eight-headed hydra
 15377 | Lair:2   | Noticed a five-headed hydra
 15384 | Lair:2   | Killed a five-headed hydra
 15391 | Lair:2   | Reached skill level 14 in Stealth
 15509 | Lair:2   | Found a dark tunnel.
 15535 | Volcano  | Entered a volcano
 15679 | Volcano  | Noticed a fire dragon
 15786 | Volcano  | Killed a fire dragon
 16119 | Lair:2   | Noticed Gastronok
 16437 | Lair:2   | Killed Gastronok
 16665 | Lair:2   | Noticed a catoblepas
 16690 | Lair:2   | Killed a catoblepas
 16835 | Lair:2   | Reached XP level 13. HP: 46/68 MP: 29/29
 17572 | Temple   | Learned a level 4 spell: Iskenderun's Mystic Blast
 17572 | Temple   | Reached XP level 14. HP: 72/72 MP: 30/30
 17573 | Temple   | Reached XP level 15. HP: 77/77 MP: 31/31
 17582 | Temple   | Learned a level 5 spell: Metabolic Englaciation
 17873 | Lair:3   | Noticed Josephine
 17887 | Lair:3   | Killed Josephine
 18421 | Lair:3   | Reached skill level 5 in Translocations
 18542 | Lair:3   | Found a hole to the Spider Nest.
 18768 | Lair:4   | Found a runed translucent door.
 18771 | Lair:4   | Noticed Zun Lasmi's ghost (journeyman VSTm)
 19486 | Lair:4   | Killed Zun Lasmi's ghost
 19553 | Lair:5   | Entered Level 5 of the Lair of Beasts
 19554 | Lair:5   | Found a viscous altar of Jiyva.
 19554 | Lair:5   | Found a staircase to the Slime Pits.
 20066 | Lair:5   | Reached skill level 15 in Stealth
 20377 | Lair:5   | Reached *** piety under Dithmenos
 22168 | Lair:5   | Found a transporter.
 22170 | Lair:5   | Found a transporter.
 22172 | Lair:5   | Noticed Zonian's ghost (journeyman DjIE)
 23211 | Lair:5   | HP: 3/77 [meliai/+1 antimagic morningstar (13)]
 23212 | Lair:5   | Slain by a meliai

Illustrated notes

Levels and vault maps discovered:
D:1:      spicycebolla_arrival_risky_transporter, layout_rooms
D:2:      wad_lake_hut, layout_loops_cross, uniq_crazy_yiuf_cottage
D:3:      layout_basic, basic_ecumenical_altar, minmay_pentangle
D:4:      cheibrodos_pilgrimage, layout_rooms, nicolae_ossuary_entry_giza,
          kennysheep_generic_room_13
D:5:      layout_cave_pools, minmay_temple_entry_large_hall,
          nicolae_specific_store, hangedman_decor_slide_cut
D:6:      layout_basic, lemuel_round_altar, nicolae_ru_awakened_eye,
          serial_shops, shop_coins, shop, nicolae_shop_behind_doors,
          nicolae_shop_stone, chequers_jeans
D:7:      layout_basic, serial_bayou_lake_a
D:8:      layout_basic, serial_shops, nicolae_lakefront_shop, shop, shop
D:9:      layout_roguey [special_room_bee], minmay_overflow_temple_star_quad,
          nicolae_shop_self_help, uniq_erica
D:10:     layout_cave_pools, tgw_xom, erik_lair_orcish_takeover,
          minmay_hollow_rounded_squares
D:11:     layout_layer_cave, serial_shops, nicolae_stop_n_shop_2,
          chequers_mini_garden
D:12:     layout_cave_pods, kennysheep_orc_monster_closet_entryway
Temple:   compressed_dpeg_triangle_lava_temple
Lair:1:   layout_roguey, grunt_megastairs_4, infiniplex_staircase_pool_2
Lair:2:   layout_hall_layers, shoals_dummy_entry,
          lightli_volcano_entry_magma_tube, uniq_gastronok
Lair:3:   layout_misc_corridors, nicolae_spider_entry_non_spiders,
          uniq_josephine
Lair:4:   layout_gridlike, ebering_ghost_reflecting_pool,
          nicolae_lair_grove_arrangements, chequers_serial_rivers_micro_a,
          lemuel_fruit_tree
Lair:5:   minmay_lair_end_enchanted_forest, layout_hall_layers,
          minmay_slime_entry_pillars, gammafunk_ghost_hive,
          kennysheep_abandoned_house

Skill      XL: |  1  2  3  4  5  6  7  8  9 10 11 12 13 14 15 |
---------------+----------------------------------------------+-----
Dodging        | 3 4 5 6 8 9 11 12 13 | 13.2
Spellcasting   | 3 4 5 6 7 8 10 11 12 | 12.1
Hexes          | 4 5 6 7 9 10 11 | 11.8
Fighting       | 1 2 3 4 5 6 7 8 |  8.3
Stealth        | 5 6 8 9 11 13 14 15 | 15.4
Maces & Flails | 1 2 3 4 5 6 |  6.8
Conjurations   | 2 3 4 |  4.4
Translocations | 4 5 |  5.0
Air Magic      | 2 4 |  4.2
Evocations     | 4 6 |  6.3
Fire Magic     | 2 |  2.6
Ice Magic      | 2 3 |  3.9
Short Blades   | |  1.8

Action                   |  1- 3 |  4- 6 |  7- 9 | 10-12 | 13-15 || total
-------------------------+-------+-------+-------+-------+-------++-------
Melee: Dagger            |    92 |       |       |   214 |    37 ||   343
       Punch             |     2 |     2 |     3 |    12 |    17 ||    36
       Whip              |    14 |    99 |   323 |   430 |   317 ||  1183
       Kick              |       |       |       |   100 |       ||   100
       Rapier            |       |       |       |       |   246 ||   246
 Cast: Ensorcelled Hiber |     3 |       |    15 |    91 |    35 ||   144
       Confusing Touch   |       |       |     3 |    16 |    16 ||    35
       Iskenderun's Myst |       |       |       |       |     4 ||     4
       Kindle Blastspark |       |       |       |       |     2 ||     2
       Metabolic Englaci |       |       |       |       |     1 ||     1
Invok: Shadow Step       |       |       |       |     3 |     4 ||     7
Evoke: Wand              |       |       |     2 |    21 |    10 ||    33
  Use: Scroll            |       |       |    21 |     6 |     4 ||    31
       Potion            |       |       |     7 |    10 |     7 ||    24
 Stab: Sleeping          |     6 |    14 |    14 |    58 |    37 ||   129
       Distracted        |       |     2 |     5 |     9 |    13 ||    29
       Confused          |       |       |     2 |    24 |    24 ||    50
Armor: Robe              |     5 |     6 |    19 |    39 |       ||    69
       Skin              |       |       |     6 |       |       ||     6
       Steam dragon scal |       |       |       |    13 |    64 ||    77
Dodge: Dodged            |    85 |    41 |   269 |   615 |   979 ||  1989
Block: Other             |       |       |    46 |   130 |       ||   176
       Reflection        |       |       |       |     3 |       ||     3

Table legend: (Time is in decaauts)
 A = Elapsed time spent in this place.
 B = Non-inter-level travel time spent in this place.
 C = Inter-level travel time spent in this place.
 D = Time resting spent in this place.
 E = Time spent auto-exploring this place.
 F = Levels seen in this place.
 G = Mean time per level.
                   A        B        C        D        E       F      G
               +--------+--------+--------+--------+--------+-----+--------+
         Total |  16987 |  15587 |   1400 |   2393 |   8584 |  20 |  849.3 |
       Dungeon |   9988 |   8768 |   1220 |    961 |   5634 |  12 |  832.3 |
        Temple |    284 |    274 |     10 |      0 |     97 |   1 |  284.0 |
          Lair |   6185 |   6017 |    168 |   1431 |   2656 |   5 | 1237.0 |
       Ossuary |    139 |    139 |      0 |      0 |     58 |   1 |  139.0 |
       Volcano |    389 |    389 |      0 |      0 |    137 |   1 |  389.0 |
               +--------+--------+--------+--------+--------+-----+--------+

Top non-repeatable levels by time:
  Lair:5: 2605 daAuts
     D:9: 1539 daAuts
     D:8: 1411 daAuts
  Lair:2: 1205 daAuts
     D:7: 1077 daAuts
    D:11: 1062 daAuts
    D:10: 1054 daAuts
  Lair:4: 896 daAuts
    D:12: 878 daAuts
  Lair:1: 761 daAuts
  Lair:3: 717 daAuts
     D:3: 573 daAuts
     D:2: 541 daAuts
     D:1: 528 daAuts
     D:6: 469 daAuts
